[Event "Team 45 45 League T37"]
[Site "Internet Chess Club"]
[Date "2008.04.27"]
[Round "1"]
[White "houseofcook"]
[Black "mickeys"]
[Result "0-1"]
[WhiteElo "1463"]
[BlackElo "1742"]
[Opening "French: advance, Paulsen attack"]
[ECO "C02"]
[Time "09:31:23"]
[TimeControl "2700+45"]

1. e4 e6 2. d4 d5 3. e5 c5 4. c3 Nc6 5. Nf3 Nge7 6. Bd3 Qb6 7. Bc2 cxd4 8. cxd4
f6 9. Nc3 Ng6 10. Na4 Qc7 11. O-O b5 12. Nc3 b4 13. Nb5 Qb8 14. Ba4 Bd7 15. Qc2
Kf7 16. Nd6+ Bxd6 17. Bxc6 Qc7 18. exd6 Qxc6 19. Qc5 a5 20. Be3 Qa6 21. Qc7 Rhd8
22. Qc2 Rdc8 23. Qd2 Qxd6 24. Rfc1 Rc4 25. b3 Rxc1+ 26. Rxc1 Rc8 27. Rxc8 Bxc8
28. Qc1 Bd7 29. h4 h5 30. g3 Qb6 31. Qc5 Qxc5 32. dxc5 Ne7 33. Nd2 Bc6 34. f4 e5
35. fxe5 fxe5 36. Nf3 Ke6 37. Ng5+ Kf6 38. Bf2 d4 39. Kf1 Nd5 40. Ne4+ Ke6 41.
Ng5+ Ke7 42. Ke2 Nc3+ 43. Kd3 Bb5+ 44. Kd2 Nxa2 45. Nf3 Kf6 46. Ng5 Nc3 47. Kc2
Bc6 48. Nh7+ Ke7 49. Ng5 Ne4 50. Nxe4 Bxe4+ 51. Kb2 Kd7 52. Be1 Kc6 53. Bd2 Kxc5
54. Bg5 Kd5 55. Bd8 a4 56. bxa4 Bd3 57. a5 e4 58. Be7 Kc4 59. a6 e3 60. a7 Be4
61. Bg5 Kd3 62. Kc1 b3 63. Bh6 gxh6 {White resigns} 0-1

[Event "Team 45 45 League T37"]
[Site "Internet Chess Club"]
[Date "2008.04.26"]
[Round "1"]
[White "ChessChamp"]
[Black "AtomicDog"]
[Result "1-0"]
[WhiteElo "1583"]
[BlackElo "1324"]
[Opening "Sicilian: Najdorf, Byrne (English) attack"]
[ECO "B90"]
[Time "14:03:12"]
[TimeControl "2700+45"]

1. e4 c5 2. Nf3 d6 3. d4 cxd4 4. Nxd4 Nf6 5. Nc3 a6 6. Be3 e5 7. Nf5 Nxe4 8.
Nxe4 Bxf5 9. f3 Bxe4 10. fxe4 Qh4+ 11. Bf2 Qxe4+ 12. Qe2 Qxe2+ 13. Bxe2 Be7 14.
O-O-O O-O 15. Bb6 Nd7 16. Bc7 b5 17. Bxd6 Bxd6 18. Rxd6 Nf6 19. Bf3 e4 20. Be2
Rfd8 21. Rhd1 Rxd6 22. Rxd6 Kf8 23. g4 Ke7 24. Rd4 Rd8 25. c3 Rxd4 26. cxd4 Kd6
27. Kd2 Nd5 28. a4 Kc6 29. a5 f6 30. Bf1 g6 31. Bh3 Nf4 32. Bf1 Nd5 33. Bh3 e3+
34. Ke1 Nf4 35. Bf1 Kb7 36. Be2 Ng2+ 37. Kd1 Nf4 38. Bf3+ Ka7 39. d5 Nd3 40. d6
Nxb2+ 41. Kc2 Nc4 42. d7 Ne5 43. d8=Q Nxf3 44. Qb6+ Ka8 45. Qxa6+ {Black
resigns} 1-0

[Event "Team 45 45 League T37"]
[Site "Internet Chess Club"]
[Date "2008.04.28"]
[Round "1"]
[White "Rubacchus"]
[Black "theartist"]
[Result "1-0"]
[WhiteElo "1364"]
[BlackElo "1132"]
[Opening "Nimzo-Indian: classical, 4...c5"]
[ECO "E38"]
[Time "10:02:59"]
[TimeControl "2700+45"]

1. d4 Nf6 2. c4 e6 3. Nc3 Bb4 4. Qc2 c5 5. e3 Nc6 6. Nf3 O-O 7. Bd3 h6 8. O-O
Bxc3 9. Qxc3 cxd4 10. Nxd4 Nxd4 11. exd4 d5 12. c5 Bd7 13. b3 Re8 14. Bf4 a6 15.
a4 Rc8 16. b4 b5 17. axb5 Bxb5 18. Bxb5 axb5 19. Ra5 Rb8 20. Bxb8 Qxb8 21. g3
Rc8 22. Qd3 Rc7 23. Rxb5 Rb7 24. Rxb7 Qxb7 25. Rb1 Nd7 26. b5 Qb8 27. f4 Nb6 28.
cxb6 Qxb6 29. Kg2 g6 30. Kf3 Kg7 31. Ke3 g5 32. Rc1 Qa5 33. Qe2 Qa3+ 34. Kd2
Qb2+ 35. Rc2 Qxd4+ 36. Qd3 Qf2+ 37. Kc3 Qc5+ 38. Kb3 Qb6 39. Rc6 Qb7 40. fxg5
hxg5 41. Qd4+ Kg8 42. Qb6 Qe7 43. Qc5 Qf6 44. b6 Qf3+ 45. Qc3 Qd1+ 46. Kb4 Qg4+
47. Ka5 d4 48. Rc8+ Kg7 49. Qc5 Kf6 50. b7 Qd1 51. b8=Q Qa1+ 52. Kb6 Qb2+ 53.
Kc7 {Black resigns} 1-0

[Event "Team 45 45 League T37"]
[Site "Internet Chess Club"]
[Date "2008.04.24"]
[Round "1"]
[White "jacknor"]
[Black "BigH"]
[Result "0-1"]
[WhiteElo "1638"]
[BlackElo "1548"]
[Opening "Sicilian: Smith-Morra gambit"]
[ECO "B21"]
[Time "09:54:50"]
[TimeControl "2700+45"]

1. e4 c5 2. d4 cxd4 3. c3 dxc3 4. Nxc3 Nc6 5. Nf3 d6 6. Bc4 e6 7. Qe2 Nf6 8. O-O
Be7 9. Bf4 e5 10. Bg5 Bg4 11. Rfd1 a6 12. Qd3 Nd4 13. Bxf6 Bxf6 14. Rd2 Bxf3 15.
gxf3 Bg5 16. Rdd1 Bf4 17. Ne2 Qg5+ 18. Ng3 h5 19. Kf1 g6 20. Ne2 Qf6 21. Nxd4
exd4 22. Qxd4 Qxd4 23. Rxd4 Bxh2 24. Rad1 O-O 25. Bd5 Be5 26. R4d2 Rab8 27. a4
b5 28. axb5 Rxb5 29. b3 Rc8 30. Ra2 a5 31. Bc4 Rbc5 32. Rad2 Kg7 33. Rd5 Rxd5
34. Rxd5 Rc5 35. Rxc5 dxc5 36. Kg2 g5 37. Bd5 f6 38. Be6 Kf8 39. Kf1 Ke7 40. Bf5
c4 41. bxc4 a4 42. c5 a3 {White resigns} 0-1

[Event "Team 45 45 League T37"]
[Site "Internet Chess Club"]
[Date "2008.04.26"]
[Round "1"]
[White "quotha"]
[Black "inanity"]
[Result "1-0"]
[WhiteElo "1525"]
[BlackElo "1615"]
[Opening "Queen's pawn: Torre attack"]
[ECO "A46"]
[Time "13:59:43"]
[TimeControl "2700+45"]

1. d4 Nf6 2. Nf3 e6 3. Bg5 c5 4. e3 Qa5+ 5. c3 Ne4 6. Bf4 d5 7. Bd3 Nc6 8. O-O
Be7 9. Nbd2 O-O 10. Nxe4 dxe4 11. Bxe4 cxd4 12. exd4 Rd8 13. Qc2 Bd7 14. Bxh7+
Kh8 15. Bd3 Rac8 16. Qd2 g6 17. Bg5 Kg7 18. Bxe7 Nxe7 19. Qf4 Rh8 20. Ne5 Be8
21. Ng4 Nd5 22. Qe5+ f6 23. Nxf6 {Black resigns} 1-0

[Event "Team 45 45 League T37"]
[Site "Internet Chess Club"]
[Date "2008.04.27"]
[Round "1"]
[White "sdcohle"]
[Black "john-beebs"]
[Result "0-1"]
[WhiteElo "1426"]
[BlackElo "1533"]
[Opening "QGD: Marshall defense"]
[ECO "D06"]
[Time "09:32:51"]
[TimeControl "2700+45"]

1. d4 d5 2. c4 Nf6 3. Nf3 Nc6 4. b3 Bg4 5. Nbd2 e6 6. g3 Bb4 7. Bg2 O-O 8. O-O
Re8 9. Bb2 Bd6 10. Re1 e5 11. dxe5 Nxe5 12. cxd5 Nxd5 13. Nxe5 Bxe5 14. Bxe5
Rxe5 15. Nf3 Re8 16. Qc2 c6 17. a3 Qf6 18. Rad1 Rad8 19. Rd4 Bxf3 20. Rh4 g6 21.
Bxf3 Nb6 22. Rd1 Rxd1+ 23. Qxd1 Rd8 24. Qc2 Nd5 25. Bxd5 Rxd5 26. Rf4 Qa1+ 27.
Kg2 Qe5 28. Qc4 Qd6 29. Re4 Kf8 30. b4 b5 31. Qc3 f6 32. Qe3 Re5 33. Rxe5 Qxe5
34. Qf3 Qd5 35. e4 Qe5 36. Qe3 a6 37. f4 Qe6 38. g4 Qxg4+ 39. Qg3 Qxg3+ 40. hxg3
Ke7 41. Kf3 Ke6 42. Ke3 g5 43. fxg5 fxg5 44. g4 Ke5 45. Kf3 Kd4 46. e5 Kxe5 47.
Ke3 h6 48. Kf3 Kd4 49. Ke2 Ke4 50. Kf2 Kf4 51. Kg2 Kxg4 52. Kh2 Kf3 53. Kh3 g4+
54. Kh2 h5 55. Kh1 Kg3 56. Kg1 Kf3 57. Kh2 Kf2 58. Kh1 h4 59. Kh2 g3+ 60. Kh1
g2+ 61. Kh2 g1=Q+ 62. Kh3 Qg3# {White checkmated} 0-1

[Event "Team 45 45 League T37"]
[Site "Internet Chess Club"]
[Date "2008.04.23"]
[Round "1"]
[White "macdre"]
[Black "nursey"]
[Result "0-1"]
[WhiteElo "1888"]
[BlackElo "1701"]
[Opening "Ruy Lopez: closed (10...c5)"]
[ECO "C96"]
[Time "20:10:54"]
[TimeControl "2700+45"]

1. e4 e5 2. Nf3 Nc6 3. Bb5 a6 4. Ba4 Nf6 5. O-O Be7 6. Re1 b5 7. Bb3 O-O 8. c3
d6 9. h3 Na5 10. Bc2 c5 11. d4 cxd4 12. cxd4 exd4 13. Nxd4 d5 14. e5 Nd7 15. e6
Nf6 16. exf7+ Rxf7 17. Bd2 Nc4 18. b3 Bc5 19. Bc3 Nd6 20. Kh1 Nfe4 21. f3 Nf2+
{White resigns} 0-1

[Event "Team 45 45 League T37"]
[Site "Internet Chess Club"]
[Date "2008.04.26"]
[Round "1"]
[White "rayonline53"]
[Black "wango"]
[Result "0-1"]
[WhiteElo "1645"]
[BlackElo "1555"]
[Opening "Dutch: Ilyin-Genevsky, Winter variation"]
[ECO "A97"]
[Time "16:02:00"]
[TimeControl "2700+45"]

1. d4 f5 2. c4 Nf6 3. Nc3 e6 4. g3 Be7 5. Bg2 O-O 6. Nf3 d6 7. O-O Qe8 8. Re1
Qg6 9. Qd3 Ne4 10. Nd2 Nxc3 11. bxc3 Bf6 12. Rb1 c6 13. e4 e5 14. exf5 Bxf5 15.
Be4 Bxe4 16. Nxe4 d5 17. cxd5 cxd5 18. Nxf6+ Qxf6 19. Be3 e4 20. Qb5 Qc6 21.
Qxb7 Qxb7 22. Rxb7 Nc6 23. Reb1 Na5 24. R7b5 Nc4 25. Rxd5 Nxe3 26. fxe3 Rf3 27.
Re1 Rc8 28. Rc5 Rxc5 29. dxc5 Rf5 30. Rd1 Rxc5 31. Rd8+ Kf7 32. Rd7+ Kg6 33.
Rxa7 Rxc3 34. Kf2 Rc2+ 35. Ke1 Rxh2 36. a4 Ra2 37. a5 h5 38. a6 Kf6 39. Ra8 Kg5
40. Re8 Rxa6 41. Rxe4 Ra2 42. Rf4 Rg2 43. Rf7 g6 44. Rf3 Kg4 45. Rf6 g5 46. e4
Rxg3 47. Kf2 h4 48. e5 h3 49. Rh6 Rf3+ 50. Kg1 Re3 51. e6 Kg3 52. Kf1 g4 {White
resigns} 0-1

[Event "Team 45 45 League T37"]
[Site "Internet Chess Club"]
[Date "2008.04.26"]
[Round "1"]
[White "MrCdawg"]
[Black "vaknight"]
[Result "1-0"]
[WhiteElo "1399"]
[BlackElo "1540"]
[Opening "Dutch with c4 & Nc3"]
[ECO "A85"]
[Time "14:01:43"]
[TimeControl "2700+45"]

1. d4 f5 2. c4 Nf6 3. Nc3 e6 4. Bg5 Be7 5. Bxf6 Bxf6 6. e4 O-O 7. Nf3 c6 8. exf5
exf5 9. Bd3 Re8+ 10. Be2 d6 11. O-O Nd7 12. Re1 g6 13. Qd2 Bg7 14. h4 Nf6 15.
Bd3 Bd7 16. Re2 Rxe2 17. Nxe2 Qf8 18. Re1 Bh6 19. Ng5 Nh5 20. Nf4 Nxf4 21. Qxf4
Qf6 22. c5 Bg7 23. Qxd6 Qxd6 24. cxd6 b5 25. Re7 Rd8 26. Bc2 Be8 27. Bb3+ Kh8
28. Bf7 Bd7 29. Be6 Be8 30. d7 {Black resigns} 1-0

[Event "Team 45 45 League T37"]
[Site "Internet Chess Club"]
[Date "2008.04.27"]
[Round "1"]
[White "NXS"]
[Black "PeteyDaddy"]
[Result "1-0"]
[WhiteElo "1426"]
[BlackElo "1141"]
[Opening "King's Indian: Torre attack"]
[ECO "A48"]
[Time "21:04:22"]
[TimeControl "2700+45"]

1. d4 Nf6 2. Nf3 g6 3. Bg5 Bg7 4. Nbd2 O-O 5. c3 d6 6. e4 Nbd7 7. Bd3 e5 8. O-O
b6 9. Rc1 exd4 10. cxd4 c5 11. e5 dxe5 12. dxe5 Nxe5 13. Nxe5 Qd5 14. Ndf3 Bg4
15. Nxg4 Nxg4 16. b3 h6 17. Bf4 Bd4 18. Nxd4 Qxd4 19. Bg3 Rad8 20. Bc4 Qb2 21.
Qxg4 Rd4 22. Qxg6+ Kh8 23. Be5+ f6 24. Bxf6+ Rxf6 25. Qxf6+ Kh7 26. Qf7+ Kh8 27.
Qg8# {Black checkmated} 1-0

[Event "Team 45 45 League T37"]
[Site "Internet Chess Club"]
[Date "2008.04.27"]
[Round "1"]
[White "DumbSkillzhaha"]
[Black "reinaroja"]
[Result "1/2-1/2"]
[WhiteElo "2234"]
[BlackElo "2177"]
[Opening "Ruy Lopez: Wormald (Alapin) attack"]
[ECO "C77"]
[Time "18:02:34"]
[TimeControl "2700+45"]

1. e4 e5 2. Nf3 Nc6 3. Bb5 a6 4. Ba4 Nf6 5. Qe2 Bc5 6. d3 b5 7. Bb3 d6 8. c3 Qe7
9. O-O Be6 10. Bc2 h6 11. Be3 Bxe3 12. fxe3 d5 13. exd5 Nxd5 14. d4 exd4 15.
exd4 Bg4 16. Qxe7+ Ndxe7 17. Nbd2 O-O 18. Rae1 Nd5 19. Be4 Rad8 20. Nb3 Bxf3 21.
Bxf3 Nce7 22. Nc5 a5 23. Nb7 Ra8 24. Re5 c6 25. Bh5 g6 26. Bf3 Ra7 27. Nd6 Rd7
28. Ne4 Kg7 29. Nc5 Ra7 30. Rfe1 Rd8 31. Kf2 a4 32. h4 h5 33. g4 hxg4 34. Bxg4
Ng8 35. h5 Ngf6 36. Bf3 gxh5 37. Bxh5 Nxh5 38. Rxh5 Rd6 39. Reh1 Rf6+ 40. Ke1
Re7+ 41. Kd1 Ne3+ 42. Kc1 Rf1+ 43. Rxf1 Nxf1 44. Nd3 f6 45. Rc5 Re6 46. d5 cxd5
47. Rxd5 Re3 48. Kc2 Re2+ 49. Kc1 Re3 50. Kc2 Re2+ 51. Kb1 Ne3 52. Rxb5 Rd2 53.
Nc1 a3 54. bxa3 Nc4 55. Rb7+ Kg6 56. Ra7 f5 57. Ra4 Ne3 58. Rd4 Rxd4 59. cxd4 f4
60. Nd3 Kf5 61. a4 Ke4 62. Nxf4 Kxd4 63. Kb2 Kc5 64. Kb3 Kb6 65. Nd3 Nd5 66. Ne5
Nc7 67. Kb4 Nd5+ 68. Ka3 Kc5 69. Nd3+ Kb6 70. Kb3 Ka5 71. a3 Ne3 72. Nb2 Kb6 73.
Kb4 Nc2+ 74. Kb3 Ne3 75. Nd3 Ka5 76. Nc5 Kb6 77. Nd7+ Ka5 78. Ne5 Kb6 79. Kb4
Nd5+ 80. Kc4 Ne3+ 81. Kd4 Nc2+ 82. Kc3 Nxa3 83. Kb3 Nb5 84. Nc4+ Ka6 85. a5 Nd4+
86. Kb4 Nc6+ 87. Ka4 Nxa5 {Game drawn because neither player has mating
material} 1/2-1/2

[Event "Team 45 45 League T37"]
[Site "Internet Chess Club"]
[Date "2008.04.28"]
[Round "1"]
[White "ChevalNoir"]
[Black "Gregorio"]
[Result "0-1"]
[WhiteElo "1990"]
[BlackElo "2103"]
[Opening "Queen's Indian defense"]
[ECO "E12"]
[Time "21:00:08"]
[TimeControl "2700+45"]

1. d4 Nf6 2. c4 e6 3. Nf3 b6 4. Bg5 h6 5. Bh4 Bb7 6. e3 Bb4+ 7. Nbd2 O-O 8. Bd3
d5 9. O-O Nbd7 10. Rc1 Be7 11. Re1 c5 12. h3 Ne4 13. Bxe7 Qxe7 14. Bb1 Nxd2 15.
Qxd2 dxc4 16. Rxc4 Bxf3 17. gxf3 Rad8 18. dxc5 Ne5 19. Qe2 Nxc4 20. Qxc4 Qxc5
21. Qe4 g6 22. Kh2 Rd2 23. Rg1 Rxf2+ 24. Kh1 Qh5 25. Rg3 Rc8 26. Kg1 Rxb2 27.
Rg2 Qg5 28. Bc2 Rcxc2 {White resigns} 0-1

[Event "Team 45 45 League T37"]
[Site "Internet Chess Club"]
[Date "2008.04.25"]
[Round "1"]
[White "Ehab"]
[Black "Klampin"]
[Result "0-1"]
[WhiteElo "1856"]
[BlackElo "1990"]
[Opening "Sicilian: O'Kelly variation"]
[ECO "B28"]
[Time "14:01:13"]
[TimeControl "2700+45"]

1. e4 c5 2. Nf3 a6 3. a4 Nc6 4. b3 Nf6 5. Nc3 d5 6. exd5 Nxd5 7. Bb2 Bg4 8. h3
Bh5 9. g4 Bg6 10. Nxd5 Qxd5 11. d3 Rd8 12. Bg2 e5 13. Qe2 c4 14. bxc4 Qa5+ 15.
Nd2 Nb4 16. O-O f6 17. Nb3 Qb6 18. a5 Qa7 19. Rae1 Nxc2 20. Bxe5 fxe5 21. Qxe5+
Kd7 22. Bd5 Nxe1 23. Rxe1 Bd6 24. Be6+ Kc7 25. Qxg7+ Kb8 26. d4 Rhe8 27. c5 Bf4
28. d5 Rxd5 29. Qc3 Rdd8 30. Qb4 Bg5 31. Nd4 Ka8 32. f4 Be7 33. Re5 Bf6 34. Bd5
Bxe5 35. Nc6 Rxd5 36. Nxa7 Bd4+ 37. Kg2 Bxc5 38. Qc4 Rd2+ 39. Kg3 Re3+ 40. Kh4
Be7+ 41. g5 Bf5 42. Qf1 Rxh3+ 43. Qxh3 Bxh3 44. Kxh3 Kxa7 {White resigns} 0-1

[Event "Team 45 45 League T37"]
[Site "Internet Chess Club"]
[Date "2008.04.24"]
[Round "1"]
[White "chiiwen"]
[Black "searchforbobby1"]
[Result "0-1"]
[WhiteElo "2107"]
[BlackElo "2130"]
[Opening "Petrov: Nimzovich attack"]
[ECO "C42"]
[Time "21:08:22"]
[TimeControl "2700+45"]

1. e4 e5 2. Nf3 Nf6 3. Nxe5 d6 4. Nf3 Nxe4 5. Nc3 d5 6. Qe2 Be7 7. Nxe4 dxe4 8.
Qxe4 O-O 9. Bd3 g6 10. Qf4 Bd6 11. Qh6 Re8+ 12. Kf1 Bf8 13. Qf4 Nc6 14. Ng5 Qe7
15. Qe3 Qd8 16. Qf4 Qe7 17. Qe3 Ne5 18. f4 Nxd3 19. cxd3 Qd8 20. Qf3 Bg4 {White
resigns} 0-1

[Event "Team 45 45 League T37"]
[Site "Internet Chess Club"]
[Date "2008.04.25"]
[Round "1"]
[White "spacecadet"]
[Black "mitus"]
[Result "1/2-1/2"]
[WhiteElo "2217"]
[BlackElo "1936"]
[Opening "KGD: Falkbeer, Tartakower variation"]
[ECO "C31"]
[Time "15:38:36"]
[TimeControl "2700+45"]

1. e4 e5 2. f4 d5 3. Nf3 Bg4 4. Qe2 Nc6 5. exd5 Qxd5 6. Nc3 Bxf3 7. Nxd5 Bxe2 8.
Nxc7+ Kd7 9. Nxa8 Bxf1 10. Rxf1 Nf6 11. fxe5 Nxe5 12. d4 Ng6 13. Bg5 Be7 14.
Nb6+ axb6 15. O-O-O h6 16. Be3 Nd5 17. Bd2 Bf6 18. Kb1 b5 19. a3 Rf8 20. b3 Rc8
21. g4 Nc3+ 22. Bxc3 Rxc3 23. Rf5 Kc6 24. Kb2 Re3 25. c4 bxc4 26. bxc4 {Game
drawn by mutual agreement} 1/2-1/2

[Event "Team 45 45 League T37"]
[Site "Internet Chess Club"]
[Date "2008.04.25"]
[Round "1"]
[White "QueensCounselor"]
[Black "keisher415"]
[Result "0-1"]
[WhiteElo "1808"]
[BlackElo "2017"]
[Opening "Sicilian: closed"]
[ECO "B23"]
[Time "16:45:27"]
[TimeControl "2700+45"]

1. e4 c5 2. Nc3 g6 3. f4 Nc6 4. Nf3 Bg7 5. Bb5 Nd4 6. O-O Nxb5 7. Nxb5 d6 8. d3
Nf6 9. Nc3 O-O 10. Qe1 Bg4 11. Qh4 Bxf3 12. Rxf3 e6 13. f5 Nd7 14. Bg5 Bd4+ 15.
Kh1 Qb6 16. Nd1 exf5 17. exf5 Rae8 18. c3 Bf6 19. Rh3 h5 20. Bxf6 Nxf6 21. b3
Qa5 22. Rf3 Kg7 23. Qg3 Re5 24. a4 Rfe8 25. Rf1 Qb6 26. Rb1 Ng4 27. fxg6 fxg6
28. h3 Nh6 29. Rb2 Nf5 30. Qf4 h4 31. Kh2 Re1 32. Qf2 Rxf1 33. Qxf1 d5 34. Qf2
Qd6+ 35. Kg1 Qe5 36. Rd2 Ng3 37. a5 Rf8 {White resigns} 0-1

[Event "Team 45 45 League T37"]
[Site "Internet Chess Club"]
[Date "2008.04.27"]
[Round "1"]
[White "Archdruid"]
[Black "Rainbird"]
[Result "1/2-1/2"]
[WhiteElo "1807"]
[BlackElo "1790"]
[Opening "French: Réti (Spielmann) variation"]
[ECO "C00"]
[Time "19:03:32"]
[TimeControl "2700+45"]

1. e4 e6 2. b3 b6 3. Bb2 Bb7 4. Nc3 d6 5. Nf3 c5 6. d4 cxd4 7. Nxd4 Nf6 8. Bb5+
Nbd7 9. O-O Be7 10. f3 O-O 11. Nc6 Bxc6 12. Bxc6 Rc8 13. Bb5 Ne5 14. Ne2 Qc7 15.
Nd4 Rfd8 16. Kh1 d5 17. f4 Neg4 18. Nc6 Ne3 19. Qe2 Nxf1 20. Nxd8 Nxh2 21. Bxf6
Bxf6 22. e5 Bxd8 23. Rc1 Qc5 24. Kxh2 Qd4 25. Qf1 Be7 26. Bd3 g5 27. g3 gxf4 28.
gxf4 Kh8 29. Qf3 Rg8 30. Rf1 Bh4 31. Qh5 Bg3+ 32. Kh1 Rg7 33. Qh6 Qe3 34. Qf6
Bf2 35. Qd8+ Rg8 36. Qf6+ Rg7 37. Qd8+ {Game drawn by mutual agreement} 1/2-1/2

[Event "Team 45 45 League T37"]
[Site "Internet Chess Club"]
[Date "2008.04.26"]
[Round "1"]
[White "PandorasBox"]
[Black "fledermaus"]
[Result "1-0"]
[WhiteElo "2037"]
[BlackElo "1903"]
[Opening "Blackmar-Diemer gambit"]
[ECO "D00"]
[Time "16:10:55"]
[TimeControl "2700+45"]

1. d4 d5 2. Nc3 Nf6 3. e4 dxe4 4. f3 exf3 5. Nxf3 Bf5 6. Ne5 e6 7. g4 Ne4 8.
Bb5+ c6 9. O-O Nxc3 10. bxc3 Bg6 11. Bd3 Bd6 12. Bxg6 hxg6 13. Nxf7 Bxh2+ 14.
Kg2 Qd5+ 15. Rf3 O-O 16. c4 Qe4 17. Ng5 Qxg4+ 18. Kxh2 Rf5 19. Rxf5 Qh4+ 20. Kg2
gxf5 21. Qe2 e5 22. Qxe5 Qg4+ 23. Kf2 Na6 24. Qe6+ Kh8 25. Be3 Qh4+ 26. Kg2 Qg4+
27. Kf1 Rf8 28. Qg6 Qh4 29. Ne6 Qe7 30. Ke2 Rf6 31. Rh1+ Kg8 32. Qh7+ Kf7 33.
Nxg7 Qe4 34. Nxf5+ Ke6 35. Qe7+ Kxf5 36. Rf1+ Kg4 37. Qxe4+ {Black resigns} 1-0

[Event "Team 45 45 League T37"]
[Site "Internet Chess Club"]
[Date "2008.04.26"]
[Round "1"]
[White "Wheels"]
[Black "pishd"]
[Result "1-0"]
[WhiteElo "1855"]
[BlackElo "1763"]
[Opening "Caro-Kann: exchange variation"]
[ECO "B13"]
[Time "08:36:56"]
[TimeControl "2700+45"]

1. e4 c6 2. d4 d5 3. exd5 cxd5 4. Bd3 Nc6 5. c3 Qc7 6. Nf3 Bg4 7. Nbd2 Nf6 8.
Qb3 e6 9. O-O Bd6 10. h3 Bh5 11. Re1 O-O 12. Qc2 Bg6 13. Bxg6 hxg6 14. Nb3 a5
15. a4 Rfb8 16. Bg5 Ne4 17. Qe2 Nxg5 18. Nxg5 Re8 19. Qg4 Bh2+ 20. Kh1 Bf4 21.
Nc5 Bxg5 22. Qxg5 b6 23. Nd3 Qe7 24. Qxe7 Rxe7 25. Re2 b5 26. axb5 Nd8 27. b4
Rb7 28. Rea2 Rxb5 29. Rxa5 Rbxa5 30. Rxa5 Rxa5 31. bxa5 Nc6 32. a6 Kf8 33. Kh2
Ke7 34. Kg3 g5 35. f4 gxf4+ 36. Kxf4 Kd6 37. g4 Kc7 38. g5 Kb6 39. Ne5 Nd8 40.
h4 g6 41. Kg4 Kxa6 42. h5 gxh5+ 43. Kxh5 Kb5 44. Kh6 Ka4 45. Kg7 Kb3 46. Nxf7 e5
47. dxe5 Kxc3 48. Nxd8 d4 49. e6 d3 50. e7 d2 51. e8=Q d1=Q 52. Qe3+ Kc4 53. Ne6
Qh5 54. g6 Qh1 55. Qf4+ Kd5 56. Ng5 Qa1+ 57. Qf6 Kc4 58. Qxa1 {Black resigns}
1-0

[Event "Team 45 45 League T37"]
[Site "Internet Chess Club"]
[Date "2008.04.24"]
[Round "1"]
[White "Bill-W"]
[Black "cgrau"]
[Result "1/2-1/2"]
[WhiteElo "1706"]
[BlackElo "1735"]
[Opening "Scandinavian defense, Grünfeld variation"]
[ECO "B01"]
[Time "13:18:26"]
[TimeControl "2700+45"]

1. e4 d5 2. exd5 Qxd5 3. Nc3 Qa5 4. d4 c6 5. Nf3 Nf6 6. Ne5 Bf5 7. g4 Bg6 8. f4
Be4 9. Nc4 Qc7 10. Nxe4 Nxe4 11. Bg2 Nd6 12. Qe2 Nd7 13. Nxd6+ Qxd6 14. Be3 Nb6
15. O-O-O O-O-O 16. d5 cxd5 17. Bxb6 Qxb6 18. Rxd5 Rxd5 19. Bxd5 e6 20. Bf3 Bd6
21. f5 exf5 22. gxf5 Rd8 23. Qc4+ Qc7 24. Qxc7+ Kxc7 25. Re1 Bxh2 26. Re7+ Rd7
27. Rxd7+ Kxd7 28. Bxb7 g6 29. Kd2 Kd6 30. Ke3 Ke5 31. fxg6 hxg6 32. Kf3 f5 33.
Kg2 Bf4 34. c4 Be3 35. b4 Bd2 36. a3 Bc1 37. c5 Bxa3 {Game drawn by mutual
agreement} 1/2-1/2

[Event "Team 45 45 League T37"]
[Site "Internet Chess Club"]
[Date "2008.04.26"]
[Round "1"]
[White "Grenadier"]
[Black "jacknor"]
[Result "1/2-1/2"]
[WhiteElo "1681"]
[BlackElo "1640"]
[Opening "Scandinavian: Pytel-Wade variation"]
[ECO "B01"]
[Time "13:06:22"]
[TimeControl "2700+45"]

1. e4 d5 2. exd5 Qxd5 3. Nc3 Qd6 4. Nf3 Nf6 5. Bc4 a6 6. d3 b5 7. Bb3 Bb7 8. Bg5
Nbd7 9. Qe2 e6 10. Bh4 Be7 11. O-O O-O 12. Rad1 c5 13. Bg3 Qb6 14. Ne5 Bd6 15.
Nxd7 Nxd7 16. Bxd6 Qxd6 17. Ne4 Qc6 18. f3 Rac8 19. c3 Rfd8 20. Bc2 b4 21. c4 e5
22. Rfe1 Nf8 23. Nd2 f6 24. Nb3 Ba8 25. Qe4 Ne6 26. Qh4 Nd4 27. Nxd4 Rxd4 28.
Re4 Rcd8 29. Qe1 Qe8 30. Rxd4 Rxd4 31. Rd2 Bc6 32. Rf2 g5 33. Re2 a5 34. Re3 h5
35. Qe2 h4 36. h3 Ba4 37. Re4 Rxe4 38. dxe4 Bxc2 39. Qxc2 Qd7 40. Kf2 Qd4+ 41.
Kf1 Kf7 42. b3 Ke6 43. Qf2 Qd1+ 44. Qe1 Qxe1+ 45. Kxe1 f5 46. Ke2 f4 {Game drawn
by mutual agreement} 1/2-1/2

[Event "Team 45 45 League T37"]
[Site "Internet Chess Club"]
[Date "2008.04.27"]
[Round "1"]
[White "PrincessChess"]
[Black "andreip"]
[Result "0-1"]
[WhiteElo "1841"]
[BlackElo "2072"]
[Opening "Sicilian: Grand Prix attack"]
[ECO "B23"]
[Time "14:14:09"]
[TimeControl "2700+45"]

1. e4 c5 2. Nc3 Nc6 3. f4 d6 4. Bb5 Bd7 5. d3 a6 6. Bxc6 Bxc6 7. Nf3 g6 8. O-O
Bg7 9. f5 gxf5 10. exf5 Nf6 11. Ng5 h6 12. Nge4 Qc7 13. Qe1 O-O-O 14. Nxf6 Bxf6
15. Ne2 Rdg8 16. g3 h5 17. c3 h4 18. Bf4 hxg3 19. hxg3 e5 20. fxe6 fxe6 21. Qd2
e5 22. Be3 Bh4 23. Kf2 Bxg3+ {White resigns} 0-1

[Event "Team 45 45 League T37"]
[Site "Internet Chess Club"]
[Date "2008.04.27"]
[Round "1"]
[White "OrangeKing"]
[Black "gugamircea"]
[Result "1-0"]
[WhiteElo "1736"]
[BlackElo "1615"]
[Opening "Two knights defense"]
[ECO "C55"]
[Time "13:15:13"]
[TimeControl "2700+45"]

1. e4 e5 2. Nf3 Nc6 3. Bc4 Nf6 4. O-O d6 5. Nc3 Be7 6. h3 O-O 7. d4 exd4 8. Nxd4
Bd7 9. Be3 Re8 10. f4 Bf8 11. Qf3 Nxd4 12. Bxd4 Be6 13. Bxe6 Rxe6 14. g4 c6 15.
f5 Re8 16. g5 Nd7 17. Qh5 c5 18. g6 fxg6 19. fxg6 h6 20. Be3 Nf6 21. Qf3 Qb6 22.
Nd5 Nxd5 23. exd5 Re7 24. Rae1 Qc7 25. Rf2 Rae8 26. Ref1 Qd8 27. Bg5 Qc8 28.
Bxe7 Bxe7 29. Qf7+ Kh8 30. Qxe7 {Black resigns} 1-0

[Event "Team 45 45 League T37"]
[Site "Internet Chess Club"]
[Date "2008.04.25"]
[Round "1"]
[White "Victorianum"]
[Black "CSCARChaplain"]
[Result "1-0"]
[WhiteElo "1712"]
[BlackElo "797"]
[Opening "Evans gambit"]
[ECO "C51"]
[Time "15:02:12"]
[TimeControl "2700+45"]

1. e4 e5 2. Nf3 Nc6 3. Bc4 Bc5 4. b4 Bxb4 5. c3 Bc5 6. d4 exd4 7. O-O Nf6 8.
cxd4 Nxd4 9. Nxd4 Bxd4 10. Qxd4 O-O 11. Bb2 d6 12. Nd2 Bg4 13. Rfe1 Re8 14. h3
Bh5 15. g4 Bg6 16. h4 h6 17. g5 hxg5 18. hxg5 c5 19. Qc3 Nh5 20. f4 Qd7 21. Be2
Qe7 22. Bxh5 {Black resigns} 1-0

[Event "Team 45 45 League T37"]
[Site "Internet Chess Club"]
[Date "2008.04.24"]
[Round "1"]
[White "RingLord"]
[Black "beerss"]
[Result "1-0"]
[WhiteElo "1547"]
[BlackElo "1511"]
[Opening "Scandinavian: Marshall variation"]
[ECO "B01"]
[Time "20:04:04"]
[TimeControl "2700+45"]

1. e4 d5 2. exd5 Nf6 3. d4 Nxd5 4. c4 Nf6 5. Nf3 Bf5 6. Be2 e6 7. O-O Be7 8. Nc3
c6 9. Re1 O-O 10. Nh4 Na6 11. Nxf5 exf5 12. d5 c5 13. b3 Nc7 14. Qd3 Qd7 15. Bb2
Nce8 16. Qh3 Nd6 17. Bd3 Rad8 18. Ne2 Nfe4 19. Bxe4 Nxe4 20. Ng3 Bf6 21. Bxf6
Nxf6 22. Qxf5 Qd6 23. Ne4 Nxe4 24. Rxe4 Rfe8 25. Rae1 Rxe4 26. Qxe4 h6 27. Qe7
Qb8 28. g3 b6 29. Rd1 Re8 30. Qd7 Rd8 31. Qf5 a6 32. Re1 b5 33. Re7 Rf8 34. Qe5
Qa8 35. Qd6 bxc4 36. bxc4 Re8 37. Qxc5 Rxe7 38. Qxe7 Qc8 39. c5 Qg4 40. Qe1 Qd4
41. d6 Qxc5 42. d7 Qc4 43. Qe8+ Kh7 44. d8=Q {Black resigns} 1-0